 Dungeon Crawl Stone Soup version 0.19.1-28-ge1247f7 (console) character file.

301 Kloppie the Skirmisher (level 6, -1/51 HPs)
             Began as a Demonspawn Berserker on Jan 22, 2017.
             Was a Believer of Trog.
             Succumbed to a gnoll's poison
             ... on level 4 of the Dungeon.
             The game lasted 00:04:47 (3203 turns).

Kloppie the Skirmisher (Demonspawn Berserker)       Turns: 3203, Time: 00:04:48

Health: -1/51      AC:  4    Str: 17    XL:     6   Next: 14%
Magic:  6/6        EV: 12    Int:  7    God:    Trog [**....]
Gold:   178        SH:  0    Dex: 14    Spells: 0 memorised, 5 levels left

rFire  . . .     SeeInvis .     a - +0 hand axe
rCold  . . .     Gourm    .     b - +0 animal skin
rNeg   . . .     Faith    .     (no shield)
rPois  .         Spirit   .     (helmet restricted)
rElec  .         Reflect  .     m - +1 cloak
rCorr  .         Harm     .     (no gloves)
MR     .....     Rnd*Tele +     (no boots)
Stlth  +.........               (no amulet)
                                j - ring of flight
                                (no ring)

@: lethally poisoned (-1 -> -18), exhausted
A: antennae 2, dopey 1, powered by pain 1, teleportitis 1
a: Berserk, Trog's Hand, Burn Spellbooks, Renounce Religion, Evoke Flight


You were on level 4 of the Dungeon.
You worshipped Trog.
Trog was pleased with you.
You were very hungry.

You visited 1 branch of the dungeon, and saw 4 of its levels.

You collected 178 gold pieces.

Inventory:

Hand Weapons
 a - a +0 hand axe (weapon)
Armour
 b - a +0 animal skin (worn)
 m - a +1 cloak (worn)
Jewellery
 j - a ring of flight (right hand)
Scrolls
 e - a scroll of identify
 i - a scroll of amnesia {unknown}
 k - a scroll of noise {unknown}
 l - a scroll of recharging {unknown}
 n - a scroll of blinking {unknown}
Potions
 o - a potion of lignification
Comestibles
 c - 2 bread rations
 g - 2 meat rations
 p - a slice of pizza


   Skills:
 + Level 5.3 Fighting
 + Level 4.8 Axes
 - Level 1.7 Armour
 - Level 1.7 Dodging


You had 5 spell levels left.
You didn't know any spells.

Dungeon Overview and Level Annotations

Branches:
Dungeon (4/15)
 Temple: D:4-7

Altars:
Cheibriados
Sif Muna


Innate Abilities, Weirdness & Mutations

You have a pair of antennae on your head.
You sometimes gain a little power by taking damage.
You are dopey. (Int -2)
You are occasionally teleported next to monsters.


Message History

* * * LOW HITPOINT WARNING * * *
You are lethally poisoned!
* * * LOW HITPOINT WARNING * * *
You feel sick.
The gnoll hits you from afar with a spear.
* * * LOW HITPOINT WARNING * * *
A leopard gecko comes into view.
You feel yourself speed up.
* * * LOW HITPOINT WARNING * * *
You feel sick.
The leopard gecko hisses angrily.
The gnoll hits you but does no damage. x2
You are more poisoned.
* * * LOW HITPOINT WARNING * * *
You feel sick.
* * * LOW HITPOINT WARNING * * *
You feel sick.
* * * LOW HITPOINT WARNING * * *
You feel sick.
You die...

#..........
#..........
##..........
...........
#..........
#..........
#..........
##..@.......
#....####### ####...g#
.# ......lg#######.#
........g.......#
#.####..g.......######
# #.#..............
#.#..............
..#..............


You could see 4 gnolls and a leopard gecko.

Vanquished Creatures
  Ijyb (D:3)
  Jessica (D:3)
  2 worker ants (D:4)
  Robin (D:3)
  9 adders
  An ooze (D:3)
  A worm (D:2)
  5 dart slugs
  4 leopard geckos
  An orc (D:3)
  9 bats
  4 giant cockroaches
  11 hobgoblins
  4 jackals (D:1)
  8 kobolds
  2 quokkas (D:3)
  3 ball pythons
  3 frilled lizards
  10 goblins
  11 rats
91 creatures vanquished.

Notes
Turn   | Place    | Note
-------+----------+-------------------------------------------
     0 | D:1      | Kloppie the Demonspawn Berserker began the quest for the Orb.
     0 | D:1      | Reached XP level 1. HP: 18/18 MP: 1/1
   158 | D:1      | Gained mutation: You sometimes gain a little power by taking damage. [demonic ancestry]
   158 | D:1      | Reached XP level 2. HP: 9/24 MP: 2/2
   685 | D:1      | Gained mutation: You have a pair of small antennae on your head. [demonic ancestry]
   685 | D:1      | Reached XP level 3. HP: 20/29 MP: 3/3
  1287 | D:2      | Reached skill level 4 in Fighting
  1370 | D:2      | Reached ** piety under Trog
  1370 | D:2      | Reached XP level 4. HP: 37/37 MP: 4/4
  2015 | D:2      | Found a deep blue altar of Sif Muna.
  2071 | D:2      | Gained mutation: You are occasionally teleported next to monsters. [potion of mutation]
  2071 | D:2      | Gained mutation: You are dopey. (Int -2) [potion of mutation]
  2307 | D:3      | Noticed Ijyb
  2322 | D:3      | Killed Ijyb
  2322 | D:3      | Reached XP level 5. HP: 43/43 MP: 5/5
  2336 | D:3      | Found a snail-covered altar of Cheibriados.
  2557 | D:3      | Noticed Robin
  2567 | D:3      | Killed Robin
  2588 | D:3      | HP: 1/43 [goblin/stone[Robin] (4)]
  2866 | D:3      | Noticed Jessica
  2875 | D:3      | Killed Jessica
  2875 | D:3      | Reached skill level 5 in Fighting
  3168 | D:4      | Gained mutation: You have a pair of antennae on your head. [demonic ancestry]
  3168 | D:4      | Reached XP level 6. HP: 51/51 MP: 6/6
  3201 | D:4      | HP: 2/51 [poisoned by a gnoll]
  3203 | D:4      | Succumbed to a gnoll's poison

Skill      XL: |  1  2  3  4  5 |
---------------+----------------+-----
Axes           | 3 4 |  4.8
Fighting       | 4 5 |  5.3
Armour         | |  1.7
Dodging        | |  1.7

Action                   |  1- 3 |  4- 6 || total
-------------------------+-------+-------++-------
Melee: Hand axe          |   129 |   165 ||   294
Invok: Berserk           |     1 |     5 ||     6
       Trog's Hand       |       |     4 ||     4
  Use: Potion            |       |     5 ||     5
       Scroll            |       |     3 ||     3
 Stab: Sleeping          |     2 |       ||     2
  Eat: Chunk             |     2 |    12 ||    14
Armor: Animal skin       |    34 |    55 ||    89
Dodge: Dodged            |   116 |   121 ||   237
